 Dungeon Crawl Stone Soup version 0.31-a0-1424-g2add1c7226 (webtiles) character file.

Game seed: 14785800549044541374

2996 Kunndt the Apothecary (level 9, -3/66 HPs)
             Began as a Human Alchemist on Dec 27, 2023.
             Was a Priest of Vehumet.
             Slain by knightboat's ghost (20 damage)
             ... on level 7 of the Dungeon.
             The game lasted 00:28:37 (7424 turns).

Kunndt the Apothecary (Human Alchemist)             Turns: 7424, Time: 00:28:38

Health: -3/66      AC: 10    Str: 11    XL:     9   Next: 83%
Magic:  12/18      EV: 13    Int: 20    God:    Vehumet [***...]
Gold:   364        SH:  0    Dex: 16    Spells: 7/20 levels left

rFire   . . .        c - +3 quarterstaff of the Freezing Boar {flame, rPois Dex+2 Stlth+}
rCold   . . .        (shield currently unavailable)
rNeg    . . .        j - +0 leather armour
rPois   +            l - +0 helmet
rElec   .            C - +0 cloak
rCorr   .            d - +0 pair of gloves {Str+3}
SInv    .            (no boots)
Will    +....        (no amulet)
Stlth   +++          i - +4 ring of protection
HPRegen 0.31/turn    B - ring of willpower
MPRegen 0.16/turn

%: no passive effects
@: on blink cooldown
A: explore regen
a: Renounce Religion


You were on level 7 of the Dungeon.
You worshipped Vehumet.
Vehumet was most pleased with you.
You visited 2 branches of the dungeon, and saw 8 of its levels.

You collected 364 gold pieces.

Inventory:

Hand Weapons
 c - the +3 quarterstaff of the Freezing Boar (weapon) {flame, rPois Dex+2 Stlth+}
   (You found it on level 2 of the Dungeon)

   Dex+2:     It affects your dexterity (+2).
   rPois:     It protects you from poison Stlth+: It makes you more stealthy.
 e - a +7 dire flail of protection
Missiles
 h - 18 poisoned darts
Armour
 a - a +0 robe
 d - a +0 pair of gloves of strength (worn)
 j - a +0 leather armour (worn)
 l - a +0 helmet (worn)
 r - a +0 ring mail
 z - a +0 kite shield
 C - a +0 cloak (worn)
Jewellery
 i - a +4 ring of protection (left hand)
 o - a ring of fire
 s - an amulet of guardian spirit
 y - a ring of protection from cold
 B - a ring of willpower (right hand)
 G - a ring of ice
Wands
 q - a wand of polymorph (7)
Scrolls
 f - 5 scrolls of teleportation
 k - 2 scrolls of vulnerability
 m - 2 scrolls of revelation
 p - a scroll of amnesia
 E - a scroll of poison {unknown}
 F - a scroll of identify
Potions
 b - a potion of magic
 g - 2 potions of curing
 n - 3 potions of attraction
 t - a potion of cancellation
 u - a potion of mutation
 v - a potion of heal wounds
 w - a potion of berserk rage
 x - a potion of might
 A - a potion of enlightenment
 D - 2 potions of brilliance


   Skills:
 + Level 4.5 Fighting
 - Level 2.0 Staves
 + Level 3.9 Dodging
 + Level 3.5 Stealth
 * Level 6.3 Spellcasting
 + Level 4.7 Conjurations
 - Level 3.0 Translocations
 + Level 3.1 Air Magic
 * Level 7.1 Alchemy


You had 7 spell levels left.
You knew the following spells:

 Your Spells              Type           Power      Damage    Failure   Level
a - Sting                 Conj/Alch      100%       1d9       1%          1
b - Mercury Vapours       Alch/Air       52%        N/A       1%          2
c - Blink                 Tloc           36%        N/A       6%          2
d - Mephitic Cloud        Conj/Alch/Air  26%        N/A       1%          3
e - Olgreb's Toxic Radia  Alch           34%        N/A       1%          4
f - Sandblast             Erth           12%        2d6       4%          1

Your spell library contained the following spells:

 Spells                   Type           Power      Damage    Failure   Level
 Dazzling Flash           Conj/Hex       30%        N/A       4%          3
 Foxfire                  Conj/Fire      60%        2x1d7     1%          1
 Momentum Strike          Conj/Tloc      42%        3d9       1%          2
 Lesser Beckoning         Tloc           36%        N/A       6%          2
 Iskenderun's Mystic Bla  Conj/Tloc      21%        2d6       7%          4
 Gell's Gravitas          Tloc           18%        N/A       12%         3
 Teleport Other           Tloc           18%        N/A       12%         3
 Sticky Flame             Fire/Alch      20%        2d6       30%         4
 Passage of Golubria      Tloc           18%        N/A       36%         4
 Starburst                Conj/Fire      7%         6d4       86%         6
 Plasma Beam              Fire/Air       6%         2x1d16    92%         6


Dungeon Overview and Level Annotations

Branches:
Dungeon (7/15)             Temple (1/1) D:4

Altars:
Ashenzari
Cheibriados
Dithmenos
Fedhas
Gozag
Hepliaklqana
Kikubaaqudgha
Makhleb
Nemelex Xobeh
Okawaru
Ru
Sif Muna
Trog
Uskayaw
Vehumet
Wu Jian
Xom
Yredelemnul
Zin
The Shining One

Annotations:
D:4 exclusion: downstairs
D:5 exclusion: 2 downstairs
D:7 knightboat's ghost, novice OnCA


Innate Abilities, Weirdness & Mutations

You regain HP and MP as you explore.


Message History

You thump the orc! You burn the orc.
You kill the orc!
Vehumet accepts your kill.
There is an open door here.
Things that are here:
a +0 dagger; a +0 leather armour; an orc corpse You open the door.
There is an open door here.
You pick up a book of Displacement and begin reading...
You add the spell Teleport Other to your library.
Found 2 stones and 7 large rocks.
Knightboat's ghost turns its malevolent gaze towards you.
Knightboat's ghost wails, "You must not succeed where I failed!"
Found 9 stones, 15 gold pieces, a scroll of identify and 6 large rocks.
Press: ? - help, v - describe, . - travel
Here: knightboat's ghost (fire blocked by a runed translucent door)
The floor.
You open the gate.
Casting: Mercury Vapours (safe; 1% risk of failure)
Confirm with . or Enter, or press ? or * to list all spells.
You can't see any susceptible monsters within range! (Use Z to cast anyway.)
The sting hits knightboat's ghost.
Knightboat's ghost partially resists.
Knightboat's ghost is lightly damaged.
Knightboat's ghost hits you!
Casting: Sting (safe; 1% risk of failure)
Confirm with . or Enter, or press ? or * to list all spells.
Aiming: Mercury Vapours (safe; 1% risk of failure)
Press: ? - help, Dir - move target, p - knightboat's ghost Fumes of mercury billow through the air!
Knightboat's ghost hits you.
Unknown command.
The sting hits knightboat's ghost.
Knightboat's ghost is lightly damaged.
Knightboat's ghost hits you!!!
Ouch! That really hurt!
* * * LOW HITPOINT WARNING * * *
Casting: Sting (safe; 1% risk of failure)
Confirm with . or Enter, or press ? or * to list all spells.
You blink.
Knightboat's ghost hits you!!
You die...

#..## #..
#.....#....... ###'##
##.. #.....#.......
#....#
#..#######...#.......
#....# #..#.....#...#
+####. #....#
#..#(...(#...##...##.
##..##
##..'..♣..#...#....##.
##..## #...'....(#
....... #....#
#..§W.(...######...##.
#....#
#...#@$?(.#...##...##.
##..##
#...#(..(.#........##.
####
#...#######........##.
##.................+..
##....##.....##'####.
#.....#########...##.
#......# #....##.
#......# .. +....##.
#.....## ... ##....).


You could see knightboat's ghost.

Vanquished Creatures
  Grinder (D:6)
  Prince Ribbit (D:7)
  2 dream sheep (D:7)
  A steam dragon (D:7)
  Edmund (D:4)
  An ice beast (D:7)
  2 ogres
  An orc warrior (D:7)
  A black bear (D:5)
  A centaur (D:7)
  2 phantoms
  3 bullfrogs
  A kobold brigand (D:6)
  2 scorpions (D:5)
  A howler monkey (D:6)
  3 bombardier beetles
  Crazy Yiuf (D:6)
  2 hounds (D:5)
  3 orc priests
  2 jellies (D:5)
  A sleepcap (D:5)
  2 iguanas (D:5)
  2 gnoll boudas
  Natasha (thrice) (D:3)
  6 orc wizards
  Robin (D:4)
  3 gnolls
  4 adders
  A shadow imp (D:7)
  A white imp (D:5)
  2 ufetubi (D:5)
  4 dart slugs
  25 orcs
  6 endoplasms
  2 giant cockroaches
  15 goblins
  7 hobgoblins
  9 jackals
  6 kobolds
  3 quokkas
  3 ball pythons
  2 bats
  3 frilled lizards
  8 rats
151 creatures vanquished.

Notes
Turn   | Place    | Note
-------+----------+-------------------------------------------
     0 | D:1      | Kunndt the Human Alchemist began the quest for the Orb.
     0 | D:1      | Reached XP level 1. HP: 13/13 MP: 3/3
    96 | D:1      | Reached XP level 2. HP: 12/20 MP: 3/5
   216 | D:1      | You fall into a shaft and drop 1 floor!
   810 | D:1      | Learned a level 2 spell: Mercury Vapours
   858 | D:1      | Reached XP level 3. HP: 25/25 MP: 3/6
  1155 | D:2      | Identified the +3 quarterstaff of the Freezing Boar {flame,
                  | rPois Dex+2 Stlth+}
  1241 | D:2      | Reached skill level 1 in Fighting
  1583 | D:2      | Found a shimmering altar of Xom.
  2111 | D:2      | Learned a level 2 spell: Blink
  2196 | D:3      | Noticed Natasha
  2212 | D:3      | Killed Natasha
  2213 | D:3      | Reached XP level 4. HP: 32/32 MP: 4/8
  2244 | D:3      | Noticed Natasha
  2252 | D:3      | Killed Natasha
  2390 | D:3      | Noticed Natasha
  2402 | D:3      | Killed Natasha
  2403 | D:3      | Reached XP level 5. HP: 35/37 MP: 4/9
  2608 | D:3      | Found a sacrificial altar of Ru.
  2866 | D:3      | Found a blossoming altar of Fedhas.
  2879 | D:3      | Found a basalt altar of Yredelemnul.
  3092 | D:4      | Reached skill level 4 in Alchemy
  3198 | D:4      | Found a snail-covered altar of Cheibriados.
  3481 | D:4      | Found a staircase to the Ecumenical Temple.
  3490 | D:4      | Got the Compilation of Transposition
  3499 | Temple   | Entered the Ecumenical Temple
  3507 | Temple   | Became a worshipper of Vehumet
  3575 | D:4      | Reached XP level 6. HP: 44/44 MP: 8/11
  3667 | D:4      | Noticed Robin
  3688 | D:4      | Killed Robin
  3802 | D:4      | Reached skill level 1 in Translocations
  3819 | D:4      | Noticed Edmund
  3862 | D:4      | Learned a level 3 spell: Mephitic Cloud
  3927 | D:4      | Killed Edmund
  4037 | D:4      | Reached * piety under Vehumet
  4037 | D:4      | Offered knowledge of Sandblast by Vehumet.
  4062 | D:5      | Entered Level 5 of the Dungeon
  4096 | D:5      | Reached XP level 7. HP: 51/51 MP: 9/13
  4100 | D:5      | Reached skill level 1 in Air Magic
  4636 | D:5      | Reached skill level 5 in Alchemy
  4708 | D:5      | Reached skill level 1 in Staves
  4714 | D:5      | Learned a level 4 spell: Olgreb's Toxic Radiance
  4716 | D:5      | Learned a level 1 spell: Sandblast
  4753 | D:5      | Reached XP level 8. HP: 46/58 MP: 14/14
  5218 | D:5      | Reached ** piety under Vehumet
  5218 | D:5      | Offered knowledge of Magic Dart by Vehumet.
  5358 | D:6      | Noticed Grinder
  5371 | D:6      | Paralysed by Grinder for 4 turns
  5793 | D:5      | Reached skill level 5 in Spellcasting
  5984 | D:6      | Paralysed by Grinder for 2 turns
  6004 | D:6      | Killed Grinder
  6005 | D:6      | Reached skill level 6 in Alchemy
  6231 | D:6      | Found a shimmering blue altar of Sif Muna.
  6467 | D:6      | Reached XP level 9. HP: 61/65 MP: 13/17
  6513 | D:6      | Found a runed translucent door.
  6516 | D:6      | Noticed Crazy Yiuf
  6524 | D:6      | Killed Crazy Yiuf
  7195 | D:7      | Noticed Prince Ribbit
  7200 | D:7      | Offered knowledge of Dazzling Flash by Vehumet.
  7216 | D:7      | Killed Prince Ribbit
  7318 | D:7      | Reached skill level 7 in Alchemy
  7346 | D:7      | Reached *** piety under Vehumet
  7415 | D:7      | Found a runed translucent gate.
  7415 | D:7      | Found a runed translucent gate.
  7415 | D:7      | Found a runed translucent gate.
  7415 | D:7      | Noticed knightboat's ghost (novice OnCA)
  7424 | D:7      | Slain by knightboat's ghost

Illustrated notes

Levels and vault maps discovered:
D:1:      tarquinn_simple_flora_water_f, layout_basic, minmay_box_of_dots
D:2:      layout_basic, basic_altar, kennysheep_path_1
D:3:      layout_loops_ring, mainiacjoe_overflow_tiny_flanked,
          nicolae_overflow_squiral, uniq_natasha
D:4:      layout_loops_cross, cheibriados_altar_1, minmay_temple_entry_mist,
          grunt_ministairs_12, minmay_crossroads, uniq_robin, uniq_edmund
D:5:      layout_loops_ring
D:6:      layout_cave_pools, old_standard_altar, uniq_grinder,
          uniq_crazy_yiuf_cottage
D:7:      layout_gridville, ebering_ghost_rock_garden, dreamdust_gnoll_shepherd,
          uniq_prince_ribbit1
Temple:   nicolae_temple_ecumenical_triangle

Skill      XL: |  1  2  3  4  5  6  7  8  9 |
---------------+----------------------------+-----
Fighting       | 1 2 3 4 |  4.5
Conjurations   | 2 3 4 |  4.7
Spellcasting   | 3 4 5 6 |  6.3
Alchemy        | 4 5 6 7 |  7.1
Translocations | 1 2 3 |  3.0
Air Magic      | 2 3 |  3.1
Staves         | 1 2 |  2.0
Stealth        | 3 |  3.5
Dodging        | 3 |  3.9

Action                     |  1- 3 |  4- 6 |  7- 9 || total
---------------------------+-------+-------+-------++-------
  Melee: Unarmed           |    27 |       |       ||    27
         Short sword       |    21 |       |       ||    21
         Quarterstaff      |    13 |    56 |   142 ||   211
   Cast: Sting             |    48 |    48 |   119 ||   215
         Mercury Vapours   |       |     7 |     6 ||    13
         Mephitic Cloud    |       |     1 |     4 ||     5
         Blink             |       |       |     4 ||     4
         Olgreb's Toxic Ra |       |       |     5 ||     5
         Sandblast         |       |       |     1 ||     1
    Use: Scroll            |       |     9 |     7 ||    16
         Potion            |       |       |     1 ||     1
   Stab: Sleeping          |       |     1 |       ||     1
         Confused          |       |       |     1 ||     1
 Armour: Robe              |    30 |       |       ||    30
         Leather armour    |     8 |    64 |   178 ||   250
         Skin              |       |     1 |       ||     1
  Dodge: Dodged            |    51 |    45 |   167 ||   263

Table legend: (Time is in decaauts)
 A = Elapsed time spent in this place.
 B = Non-inter-level travel time spent in this place.
 C = Inter-level travel time spent in this place.
 D = Time resting spent in this place.
 E = Time spent auto-exploring this place.
 F = Levels seen in this place.
 G = Mean time per level.
                   A        B        C        D        E       F      G
               +--------+--------+--------+--------+--------+-----+--------+
         Total |   7482 |   7230 |    252 |   1456 |   4185 |   8 |  935.2 |
       Dungeon |   7465 |   7213 |    252 |   1456 |   4185 |   7 | 1066.4 |
        Temple |     17 |     17 |      0 |      0 |      0 |   1 |   17.0 |
               +--------+--------+--------+--------+--------+-----+--------+

Top non-repeatable levels by time:
     D:5: 1618 daAuts
     D:4: 1202 daAuts
     D:1: 1096 daAuts
     D:2: 1049 daAuts
     D:6: 870 daAuts
     D:3: 844 daAuts
     D:7: 783 daAuts
  Temple: 17 daAuts
